 Dungeon Crawl Stone Soup version 0.31-a0-851-g7ff8af7976 (webtiles) character file.

Game seed: 6723482392838111859

51 elagabalus the Magician (level 4, 29/31 HPs)
             Began as a Djinni Necromancer on Sept 27, 2023.
             Quit the game on level 2 of the Dungeon on Oct 6, 2023.
             The game lasted 00:11:54 (1357 turns).

elagabalus the Magician (Djinni Necromancer)        Turns: 1357, Time: 00:11:55

Health: 29/31      AC:  4    Str:  7    XL:     4   Next: 7%
Gold:   66         EV: 12    Int: 25    God:
                   SH:  0    Dex: 13

rFire   + + .        d - +0 short sword
rCold   x . .        (no shield)
rNeg    . . .        a - +0 robe
rPois   ∞            h - +0 helmet
rElec   .            (no cloak)
rCorr   .            b - +0 pair of gloves
SInv    .            (boots unavailable)
Will    .....        (no amulet)
Stlth   ++           f - +6 ring of intelligence
HPRegen 0.25/turn    (no ring)
MPRegen 0.00/turn

%: no passive effects
@: flying
A: sickness immunity, fire resistance 2, cold vulnerability 1, float, innate
caster, HP casting, extra vitality 1
a: no special abilities


You were on level 2 of the Dungeon.
You visited 1 branch of the dungeon, and saw 2 of its levels.

You collected 66 gold pieces.

Inventory:

Hand Weapons
 d - a +0 short sword (weapon)
Armour
 a - a +0 robe (worn)
 b - a +0 pair of gloves (worn)
 h - a +0 helmet (worn)
Jewellery
 f - a +6 ring of intelligence (left hand)
Scrolls
 i - 2 scrolls of teleportation {unknown}
 j - a scroll of immolation {unknown}
Potions
 c - 2 potions of curing {unknown}
 e - a potion of haste {unknown}
 g - 2 potions of lignification {unknown}
 k - a potion of attraction {unknown}


   Skills:
 - Level 2.1 Dodging
 - Level 1.5 Stealth
 * Level 4.3 Spellcasting
 * Level 4.3 Conjurations
 * Level 4.3 Hexes
 * Level 4.3 Summonings
 * Level 4.3 Necromancy
 * Level 4.3 Translocations
 * Level 4.3 Transmutations
 * Level 4.3 Fire Magic
 * Level 4.3 Ice Magic
 * Level 4.3 Air Magic
 * Level 4.3 Earth Magic
 * Level 4.3 Poison Magic


You knew the following spells:

 Your Spells              Type           Power      Damage    Failure   Level
a - Necrotise             Necr           100%       1d9       1%          1
b - Vampiric Draining     Necr           27%        2d7       4%          3
c - Animate Dead          Necr           27%        N/A       16%         4
d - Agony                 Necr           27%        N/A       38%         5
e - Sting                 Tmut/Pois      100%       1d8       1%          1
Your spell library was empty.

Dungeon Overview and Level Annotations

Branches:
Dungeon (2/15)

Altars:

Shops:
D:2 :


Innate Abilities, Weirdness & Mutations

You are immune to sickness and miasma.
You are immune to poison.
Your flesh is very heat resistant. (rF++)
You are vulnerable to cold. (rC-)
You float through the air rather than walking.
You learn spells naturally, not from books.
Your magical power is your life essence.
You have superior vitality. (+4 MHP)


Message History

A bat comes into view.
The bat hits you. The bat closely misses you.
Aiming: Vampiric Draining (dangerous; 4% risk of failure)
Press: ? - help, Q - select action, (/) - cycle Shift-Dir - straight line, f - bat
Aim: a bat You draw life force from the bat!
You kill the bat!
You feel life coursing into your body.
Found a stone staircase leading down.
There is a stone staircase leading down here.
A hobgoblin comes into view.
The hobgoblin barely misses you.
Aiming: Vampiric Draining (dangerous; 4% risk of failure)
Press: ? - help, Q - select action, (/) - cycle Shift-Dir - straight line, f - hobgoblin
Aim: a hobgoblin You miscast Vampiric Draining.
You are very lightly contaminated with residual magic.
Nothing appears to happen.
The hobgoblin hits you but does no damage.
Aiming: Vampiric Draining (dangerous; 4% risk of failure)
Press: ? - help, Q - select action, (/) - cycle Shift-Dir - straight line, f/p - hobgoblin
Aim: a hobgoblin You draw life force from the hobgoblin!
You kill the hobgoblin!
You feel life coursing into your body.
You see here a hobgoblin corpse.
A hobgoblin comes into view.
The hobgoblin shouts!
Aiming: Vampiric Draining (dangerous; 4% risk of failure)
Press: ? - help, Q - select action, (/) - cycle Shift-Dir - straight line, f - hobgoblin
Aim: a hobgoblin You draw life force from the hobgoblin!
You kill the hobgoblin!
You feel life coursing into your body.
Your magical contamination has completely faded away.
Saving game... please wait.
Welcome back, elagabalus the Djinni Necromancer.
Press ? for a list of commands and other information.
Are you sure you want to abandon this character and quit the game? (Confirm with "yes".)

#.##.##.####.##.##...
#.##.##..............
#.......###########..
####.#### #..
#......# #†.
##.#†##.## #..
#........# ###
#....##..##.......##.
#...@# .##.......##.
#.....# ##.......##.
#....... #....... #.
#.#.#.#..##...... #.
#........# .... #.
#####.#### ##.#####.
.# #........ .#
#..###### #..#


There were no monsters in sight!

Vanquished Creatures
  A worm (D:2)
  2 dart slugs
  2 ball pythons
  5 bats
  3 endoplasms
  2 giant cockroaches (D:2)
  8 hobgoblins
  3 jackals (D:1)
  A quokka (D:1)
  4 frilled lizards
  5 goblins
36 creatures vanquished.

Vanquished Creatures (collateral kills)
  An endoplasm (D:1)
  A ball python (D:1)
2 creatures vanquished.

Grand Total: 38 creatures vanquished

Notes
Turn   | Place    | Note
-------+----------+-------------------------------------------
     0 | D:1      | elagabalus the Djinni Necromancer began the quest for the
                  | Orb.
     0 | D:1      | elagabalus set off with the following spells memorised:
                  | Necrotise, Vampiric Draining, Animate Dead, Agony.
     0 | D:1      | Reached XP level 1. HP: 15/15 MP: 0/0
   102 | D:1      | Reached XP level 2. HP: 11/21 MP: 0/0
   648 | D:1      | Reached XP level 3. HP: 24/25 MP: 0/0
   648 | D:1      | Learned a level 1 spell: Sting
  1068 | D:2      | Found Watt's Vocational Training.
  1225 | D:2      | Reached XP level 4. HP: 30/31 MP: 0/0
  1357 | D:2      | Upgraded the game from 0.31-a0-841-g038b102fc3 to
                  | 0.31-a0-851-g7ff8af7976
  1357 | D:2      | Quit the game

Illustrated notes

Levels and vault maps discovered:
D:1:      sevenhm_arrival_forest_fort_small_6, layout_basic
D:2:      layout_loops_cross, basic_altar, nicolae_shop_vocational

Skill      XL: |  1  2  3 |
---------------+----------+-----
Spellcasting   | 4 |  4.3
Conjurations   | 4 |  4.3
Hexes          | 4 |  4.3
Summonings     | 4 |  4.3
Necromancy     | 4 |  4.3
Translocations | 4 |  4.3
Transmutations | 4 |  4.3
Fire Magic     | 4 |  4.3
Ice Magic      | 4 |  4.3
Air Magic      | 4 |  4.3
Earth Magic    | 4 |  4.3
Poison Magic   | 4 |  4.3
Dodging        | |  2.1
Stealth        | |  1.5

Action                     |  1- 3 |  4- 6 || total
---------------------------+-------+-------++-------
  Melee: Unarmed           |     1 |       ||     1
         Short sword       |     1 |       ||     1
   Cast: Necrotise         |    25 |       ||    25
         Sting             |    27 |       ||    27
         Vampiric Draining |       |     3 ||     3
 Armour: Robe              |    14 |     2 ||    16
  Dodge: Dodged            |    12 |     2 ||    14

Table legend: (Time is in decaauts)
 A = Elapsed time spent in this place.
 B = Non-inter-level travel time spent in this place.
 C = Inter-level travel time spent in this place.
 D = Time resting spent in this place.
 E = Time spent auto-exploring this place.
 F = Levels seen in this place.
 G = Mean time per level.
                   A        B        C        D        E       F      G
               +--------+--------+--------+--------+--------+-----+--------+
         Total |   1355 |    241 |   1114 |      0 |      0 |   2 |  677.5 |
       Dungeon |   1355 |    241 |   1114 |      0 |      0 |   2 |  677.5 |
               +--------+--------+--------+--------+--------+-----+--------+

Top non-repeatable levels by time:
     D:1: 1064 daAuts
     D:2: 291 daAuts
